 Dungeon Crawl Stone Soup version 0.24.0 (webtiles) character file.

Game seed: 9635587325036114038, levelgen mode: deterministic

49 Emblim88 the Ruffian (level 3, -4/37 HPs)
             Began as a Troll Monk on Oct 25, 2019.
             Slain by Terence
             ... wielding a +1 short sword of venom
              (5 damage)
             ... on level 2 of the Dungeon.
             The game lasted 00:03:46 (1077 turns).

Emblim88 the Ruffian (Troll Monk)                   Turns: 1077, Time: 00:03:46

Health: -4/37      AC:  6    Str: 19    XL:     3   Next: 51%
Magic:  2/2        EV: 11    Int:  6    God:
Gold:   28         SH:  0    Dex: 13    Spells: 2/2 levels left

rFire    . . .     SeeInvis .     - Unarmed
rCold    . . .     Gourm    +   (no shield)
rNeg     . . .     Faith    .   f - +0 robe (curse)
rPois    .         Spirit   .   (helmet restricted)
rElec    .         Reflect  .   (no cloak)
rCorr    .         Harm     .   (gloves unavailable)
MR       .....                  (boots unavailable)
Stlth    ++........             (no amulet)
HPRegen  0.52/turn              (no ring)
MPRegen  0.08/turn              (no ring)

@: lethally poisoned (-4 -> -30)
A: large, unfitting armour, claws 3, fast metabolism 3, gourmand, regeneration
1, shaggy fur 1, tough skin 3
a: no special abilities


You were on level 2 of the Dungeon.
You were completely stuffed.

You visited 1 branch of the dungeon, and saw 2 of its levels.

You collected 28 gold pieces.

Inventory:

Armour
 a - a +0 robe
 f - a cursed +0 robe (worn)
Jewellery
 h - an uncursed ring of protection from cold {unknown}
Scrolls
 c - a scroll of enchant armour {unknown}
 d - 3 scrolls of enchant weapon {unknown}
 e - a scroll of amnesia {unknown}
 g - a scroll of fear {unknown}
 j - 2 scrolls of identify {unknown}
 k - a scroll of noise {unknown}
Potions
 i - a potion of magic {unknown}
 l - a potion of curing {unknown}
Comestibles
 b - 6 rations
 m - a chunk of flesh


   Skills:
 + Level 3.0 Fighting
 + Level 2.9 Dodging
 - Level 1.0 Stealth
 + Level 3.5 Unarmed Combat


You had 2 spell levels left.
You didn't know any spells.
Your spell library was empty.

Dungeon Overview and Level Annotations

Branches:
Dungeon (2/15)

Altars:
Hepliaklqana

Annotations:
D:2 1 runed translucent door, Crazy Yiuf, Terence


Innate Abilities, Weirdness & Mutations

You are too large for most types of armour.
You have claws for hands.
Your metabolism is lightning-fast.
You like to eat raw meat.
Your natural rate of healing is unusually fast.
You are covered in fur. (AC +1)
You have extremely tough skin. (AC +3)


Message History

You feel very sick. Terence barely misses you.
You scratch Terence but do no damage.
Terence is severely wounded.
* * * LOW HITPOINT WARNING * * *
You feel sick.
Terence hits you with a +1 short sword of venom.
* * * LOW HITPOINT WARNING * * *
You are more poisoned.
You closely miss Terence.
Terence is severely wounded.
* * * LOW HITPOINT WARNING * * *
You feel very sick. Terence closely misses you.
You barely miss Terence.
Terence is severely wounded.
* * * LOW HITPOINT WARNING * * *
You feel very sick.
Terence hits you with a +1 short sword of venom.
You die...

............#
.............
..#.........
...........
......#...
.....#...#####
.......@.....#
...#...@.....#
.............#
......?......#
..............#
.........รท....#
...:..........###
<.....##.........
<.....#%.........
......#..........


You could see Terence.

Vanquished Creatures
  An adder (D:2)
  2 worms (D:2)
  A dart slug (D:1)
  2 leopard geckos
  3 goblins
  4 hobgoblins (D:1)
  2 jackals (D:1)
  2 kobolds
  A ball python (D:1)
  3 bats (D:1)
  5 frilled lizards
  7 rats (D:1)
33 creatures vanquished.

Notes
Turn   | Place    | Note
-------+----------+-------------------------------------------
     0 | D:1      | Emblim88 the Troll Monk began the quest for the Orb.
     0 | D:1      | Reached XP level 1. HP: 22/22 MP: 0/0
   166 | D:1      | Reached XP level 2. HP: 29/29 MP: 1/1
   848 | D:2      | Reached XP level 3. HP: 36/36 MP: 2/2
   987 | D:2      | Found a runed translucent door.
   988 | D:2      | Noticed Crazy Yiuf
  1023 | D:2      | Found a hazy altar of Hepliaklqana.
  1065 | D:2      | Noticed Terence
  1077 | D:2      | HP: 1/37 [poisoned by Terence]
  1077 | D:2      | Slain by Terence

Levels and vault maps discovered:
D:1:      dpeg_arrival_simpleton_b, layout_loops_ring, lemuel_flame_loot_1
D:2:      wad_lake_hut, layout_basic, overflow_temple_1_default, first_ration,
          grunt_ministairs_12, chequers_mini_garden, uniq_terence,
          uniq_crazy_yiuf_cottage
